 Dungeon Crawl Stone Soup version 0.31.0-9-g3a7656b989 (webtiles) character file.

Game seed: 552840015952857859

207 Eitelfritz the Chiller (level 5, -2/36 HPs)
             Began as a Demonspawn Ice Elementalist on Jan 26, 2024.
             Slain by an iguana (4 damage)
             ... on level 4 of the Dungeon.
             The game lasted 00:08:52 (3792 turns).

Eitelfritz the Chiller (DsIE)                       Turns: 3792, Time: 00:08:52

Health: -2/36      AC:  3    Str:  9    XL:     5   Next: 54%
Magic:  5/10       EV: 12    Int: 17    God:
Gold:   206        SH:  0    Dex: 13    Spells: 4/11 levels left

rFire   . . .        a - +1 trident
rCold   . . .        (no shield)
rNeg    . . .        c - +0 robe
rPois   .            i - +0 helmet
rElec   .            (no cloak)
rCorr   .            (no gloves)
SInv    .            (no boots)
Will    .....        (no amulet)
Stlth   ++           p - ring of wizardry
HPRegen 0.26/turn    (no ring)
MPRegen 0.12/turn

%: wizardry (x1)
@: about to teleport
A: demonic guardian 1, ignite blood 1
a: no special abilities


You were on level 4 of the Dungeon.
You visited 1 branch of the dungeon, and saw 4 of its levels.

You collected 206 gold pieces.

Inventory:

Hand Weapons
 a - a +1 trident (weapon)
 b - a +0 orcbow
Armour
 c - a +0 robe (worn)
 i - a +0 helmet (worn)
Magical Staves
 t - the staff of Responsibility {rPois rC+ Str-5 Necro Tloc Alchemy}
   (You found it on level 4 of the Dungeon)

   [staff of alchemy]

   Base accuracy: +5 Base damage: 5 Base attack delay: 1.2 This weapon's minimum
   attack delay (0.6) is reached at skill level 12.
   Str-5:     It affects your strength (-5).
   rC+:       It protects you from cold.
   rPois:     It protects you from poison Necro: It increases the power of your
   Necromancy spells.
   Tloc:      It increases the power of your Translocations spells.
   Alchemy:   It increases the power of your Alchemy spells.
   It falls into the 'Staves' category.
   It is a one-handed weapon.
Jewellery
 p - a ring of wizardry (left hand)
Wands
 m - a wand of light (2)
 s - a wand of roots (5)
Scrolls
 e - a scroll of butterflies {unknown}
 g - a scroll of teleportation
 h - a scroll of revelation {unknown}
 v - a scroll of enchant weapon
Potions
 d - a potion of invisibility {unknown}
 f - 2 potions of lignification {unknown}
 j - a potion of ambrosia {unknown}
 k - 2 potions of haste {unknown}
 l - a potion of magic
 n - 2 potions of brilliance {unknown}
 o - a potion of might {unknown}
 q - a potion of degeneration {unknown}
 r - 2 potions of heal wounds {unknown}
 u - a potion of curing {unknown}


   Skills:
 + Level 0.6 Fighting
 + Level 1.3 Polearms
 + Level 2.1 Dodging
 + Level 2.4 Stealth
 + Level 3.5 Spellcasting
 + Level 4.6 Ice Magic


You had 4 spell levels left.
You knew the following spells:

 Your Spells              Type           Power      Damage    Failure   Level
a - Freeze                Ice            72%        1d8       1%          1
b - Frozen Ramparts       Ice            36%        1d6       3%          3
c - Ozocubu's Armour      Ice            18%        N/A       3%          3

Your spell library contained the following spells:

 Spells                   Type           Power      Damage    Failure   Level
 Summon Ice Beast         Ice/Summ       10%        N/A       8%          3
 Summon Blazeheart Golem  Fire/Summ      2%         N/A       52%         4
 Orb of Destruction       Conj           1%         9d5       100%        7
 Spellforged Servitor     Conj/Summ      1%         N/A       100%        7


Dungeon Overview and Level Annotations

Branches:
Dungeon (4/15)
 Temple: D:4-7

Altars:
Ashenzari
Cheibriados

Annotations:
D:4 Menkaure


Innate Abilities, Weirdness & Mutations

A weak demonic guardian rushes to your aid.
Your demonic aura sometimes causes spilled blood to erupt in flames.


Message History

Unknown command.
Casting: Frozen Ramparts (dangerous; 3% risk of failure)
Confirm with . or Enter, or press ? or * to list all spells.
Aiming: Freeze (safe; 1% risk of failure)
Press: ? - help, Shift-Dir - straight line, f - Menkaure
Aim: Menkaure You freeze Menkaure.
Menkaure resists.
Menkaure is lightly damaged.
Menkaure resists.
The wall freezes Menkaure.
Menkaure hits you!
A demonic guardian appears!
Unknown command.
Casting: Freeze (safe; 1% risk of failure)
Confirm with . or Enter, or press ? or * to list all spells.
Aiming: Freeze (safe; 1% risk of failure)
Press: ? - help, Shift-Dir - straight line, f/p - Menkaure
Aim: Menkaure (lightly damaged, ally target)
You freeze Menkaure.
Menkaure resists.
Menkaure is lightly damaged.
The wall freezes Menkaure but does no damage.
Menkaure barely misses you.
The wall freezes the iguana.
The iguana closely misses you.
You hit Menkaure.
Menkaure is moderately damaged.
The frozen ramparts melt away.
The iguana closely misses you. Menkaure hits you!
* * * LOW HITPOINT WARNING * * *
Unknown command.
As you read the scroll of teleportation, it crumbles to dust.
You feel strangely unstable. The iguana bites you.
* * * LOW HITPOINT WARNING * * *
Menkaure misses you.
Casting: Freeze (safe; 1% risk of failure)
Confirm with . or Enter, or press ? or * to list all spells.
Aiming: Freeze (safe; 1% risk of failure)
Press: ? - help, Shift-Dir - straight line, f/p - Menkaure
Aim: Menkaure (moderately damaged, ally target)
You freeze Menkaure.
Menkaure resists.
Menkaure is heavily damaged.
The iguana bites you.
You die...

#### ......#
......# ......#
###......#
##........#
#.........#
#.l.M.....# '
#@# #5#########
#.........#
#########.#####
#....#.....#
#......###.#
#..8#8.###.#
##.#!#.....#
#.8#8.#####


You could see Menkaure (ally target), an iguana and a friendly shadow imp
(summoned).

Vanquished Creatures
  A hound (D:4)
  A jelly (D:4)
  An orc wizard (D:3)
  2 adders
  2 ribbon worms (D:3)
  3 dart slugs
  6 orcs
  2 bats
  8 endoplasms
  2 giant cockroaches (D:1)
  5 goblins
  6 hobgoblins
  4 jackals (D:3)
  2 quokkas
  2 ball pythons
  3 frilled lizards
  4 kobolds
  2 rats (D:1)
56 creatures vanquished.

Vanquished Creatures (collateral kills)
  A sleepcap (D:4)
  2 orcs (D:3)
3 creatures vanquished.

Grand Total: 59 creatures vanquished

Notes
Turn   | Place    | Note
-------+----------+-------------------------------------------
     0 | D:1      | Eitelfritz the Demonspawn Ice Elementalist began the quest
                  | for the Orb.
     0 | D:1      | Reached XP level 1. HP: 13/13 MP: 3/3
   198 | D:1      | Reached skill level 4 in Ice Magic
   198 | D:1      | Gained mutation: A weak demonic guardian rushes to your
                  | aid. [demonic ancestry]
   198 | D:1      | Reached XP level 2. HP: 19/19 MP: 0/5
  1507 | D:2      | Reached XP level 3. HP: 24/24 MP: 3/6
  1568 | D:2      | Learned a level 3 spell: Frozen Ramparts
  2012 | D:3      | Found a snail-covered altar of Cheibriados.
  2179 | D:3      | Learned a level 3 spell: Ozocubu's Armour
  2554 | D:3      | Reached XP level 4. HP: 30/30 MP: 4/8
  2711 | D:3      | Reached skill level 1 in Polearms
  3198 | D:4      | Gained mutation: Your demonic aura sometimes causes spilled
                  | blood to erupt in flames. [demonic ancestry]
  3198 | D:4      | Reached XP level 5. HP: 27/36 MP: 3/9
  3409 | D:4      | Found a broken altar of Ashenzari.
  3655 | D:4      | Identified the staff of Responsibility {rPois rC+ Str-5
                  | Necro Tloc Alchemy}
  3784 | D:4      | Noticed Menkaure
  3792 | D:4      | Slain by an iguana

Illustrated notes

Levels and vault maps discovered:
D:1:      dpeg_arrival_lava_altar, layout_basic, kennysheep_another_room,
          minmay_misc_feat_room
D:2:      layout_loops_ring
D:3:      layout_loops_ring, lemuel_tele_altar
D:4:      layout_basic, mainiacjoe_overflow_cross_hatched,
          jmf_multi_god_temple2, minmay_statues_item, dreamdust_princess_bridge,
          chequers_mini_garden, uniq_menkaure

Skill      XL: |  1  2  3  4 |
---------------+-------------+-----
Ice Magic      | 4 |  4.6
Dodging        | 2 |  2.1
Stealth        | 2 |  2.4
Polearms       | 1 |  1.3
Spellcasting   | 3 |  3.5
Fighting       | |  0.6

Action                     |  1- 3 |  4- 6 || total
---------------------------+-------+-------++-------
  Melee: Spear             |    36 |       ||    36
         Trident           |    16 |    28 ||    44
   Cast: Freeze            |    47 |    21 ||    68
         Frozen Ramparts   |       |     6 ||     6
    Use: Scroll            |       |     6 ||     6
   Stab: Sleeping          |     6 |     1 ||     7
 Armour: Robe              |    30 |    28 ||    58
  Dodge: Dodged            |    38 |    28 ||    66
